 Dungeon Crawl Stone Soup version 0.26-a0-64-g059e62fbdb (webtiles) character file.

Game seed: 14413014677160135582

249 Gwenloh the Grasshopper (level 6, -1/50 HPs)
             Began as a Gnoll Warper on June 12, 2020.
             Was an Initiate of Ashenzari.
             Succumbed to an orc wizard's poison
             ... on level 3 of the Dungeon.
             The game lasted 00:14:12 (3645 turns).

Gwenloh the Grasshopper (Gnoll Warper)              Turns: 3645, Time: 00:14:13

Health: -1/50      AC:  4    Str: 13    XL:     6   Next: 12%
Magic:  10/13      EV: 14    Int: 16    God:    Ashenzari [......]
Gold:   103        SH:  0    Dex: 16    Spells: 4/15 levels left

rFire    . . .     SeeInvis .   a - +1 mace
rCold    . . .     Gourm    .   (no shield)
rNeg     . . .     Faith    .   b - +1 leather armour
rPois    .         Spirit   .   (no helmet)
rElec    .         Reflect  .   i - scarf {repulsion}
rCorr    .         Harm     .   (no gloves)
MR       .....                  (no boots)
Stlth    ++........             (no amulet)
HPRegen  0.16/turn              l - ring of wizardry
MPRegen  0.13/turn              (no ring)

@: lethally poisoned (-1 -> -46), repel missiles
A: distributed training, fangs 1, strong nose
a: Curse Item, Renounce Religion


You were on level 3 of the Dungeon.
You worshipped Ashenzari.
Ashenzari was noncommittal.
You were not hungry.

You visited 1 branch of the dungeon, and saw 4 of its levels.

You collected 103 gold pieces.

Inventory:

Hand Weapons
 a - a +1 mace (weapon)
 p - a +0 morningstar
 v - a +0 hunting sling
Missiles
 e - 4 boomerangs of dispersal
 j - 112 stones
 n - 102 arrows
 q - 20 sling bullets
 r - 13 poisoned darts
 s - 3 boomerangs (quivered)
Armour
 b - a +1 leather armour (worn)
 i - a scarf of repulsion (worn)
Jewellery
 l - a ring of wizardry (left hand)
Wands
 o - a wand of flame (16)
 t - a wand of disintegration (12)
Scrolls
 c - a scroll of remove curse
 d - 3 scrolls of blinking
 h - 2 scrolls of fear
 k - a scroll of enchant weapon
 y - a scroll of fog
Potions
 g - a potion of curing
 m - a potion of mutation {unknown}
 u - a potion of brilliance {unknown}
 w - a potion of berserk rage {unknown}
 z - a potion of heal wounds
Comestibles
 f - 10 rations
 x - 3 chunks of flesh


   Skills:
 + Level 4.9 Fighting
 + Level 1.8 Short Blades
 + Level 1.8 Long Blades
 + Level 1.8 Axes
 + Level 4.9 Maces & Flails
 + Level 1.8 Polearms
 + Level 1.8 Staves
 + Level 1.8 Slings
 + Level 1.8 Bows
 + Level 1.8 Crossbows
 + Level 3.1 Throwing
 + Level 3.1 Armour
 + Level 4.9 Dodging
 + Level 1.8 Stealth
 + Level 1.8 Shields
 + Level 1.8 Unarmed Combat
 + Level 5.3 Spellcasting
 + Level 1.4 Conjurations
 + Level 1.4 Hexes
 + Level 1.4 Charms
 + Level 1.4 Summonings
 + Level 1.4 Necromancy
 + Level 5.6 Translocations
 + Level 1.4 Transmutations
 + Level 1.4 Fire Magic
 + Level 1.4 Ice Magic
 + Level 1.4 Air Magic
 + Level 1.4 Earth Magic
 + Level 1.4 Poison Magic
 + Level 2.0 Invocations
 + Level 1.8 Evocations


You had 4 spell levels left.
You knew the following spells:

 Your Spells              Type           Power        Failure   Level  Hunger
a - Blink                 Tloc           N/A          1%          2    #......
b - Shroud of Golubria    Chrm/Tloc      ###...       2%          2    #......
c - Gell's Gravitas       Tloc           ###.......   2%          3    ###....
d - Passage of Golubria   Tloc           N/A          8%          4    ####...

Your spell library contained the following spells:

 Spells                   Type           Power        Failure   Level  Hunger
 Lesser Beckoning         Tloc           ###.......   2%          3    ###....
 Teleport Other           Tloc           ###.....     2%          3    ###....


Dungeon Overview and Level Annotations

Branches:
Dungeon (4/15)
 Temple: D:4-7

Altars:
Ashenzari

Shops:
D:4 }


Innate Abilities, Weirdness & Mutations

Your experience applies equally to all skills.
You have very sharp teeth.
Your uncanny sense of smell can sniff out nearby items.


Message History

The orc wizard is heavily wounded.
* * * LOW HITPOINT WARNING * * *
You feel very sick. The orc wizard closely misses you.
You closely miss the orc wizard.
The orc wizard is heavily wounded.
* * * LOW HITPOINT WARNING * * *
You feel very sick.
The orc wizard hits you but does no damage.
You are more poisoned.
You hit the orc wizard.
You bite the orc wizard, but do no damage.
The orc wizard is almost dead.
* * * LOW HITPOINT WARNING * * *
You feel very sick. The orc wizard closely misses you.
You closely miss the orc wizard.
You bite the orc wizard, but do no damage.
The orc wizard is almost dead.
You die...

#........._......#
##...##.#....#.#.#
#....##.##...#.#.#
#....##....###.#.##########
#....#####.....#...##......
#....#####.#####.#......###
#..........###.......##.##
##.............###.####..#
##......[@o#### #...###.#
###.###[#..#######.###[##
#.# #..................
####.#####.###.....#..#...
#........#.###......#.##..
#....###..................
###..#########....#.......
#######..# #....###.>...
##...###..# #....# ##....


You could see an orc wizard.

Vanquished Creatures
  2 orc priests (D:3)
  Ijyb (D:3)
  An orc wizard (D:3)
  A worker ant (D:4)
  2 adders
  2 worms (D:3)
  A dart slug (D:2)
  2 leopard geckos (D:1)
  13 orcs
  A ball python (D:2)
  8 bats
  3 giant cockroaches (D:2)
  8 goblins
  10 hobgoblins
  3 jackals (D:1)
  A quokka (D:2)
  2 frilled lizards (D:3)
  7 kobolds
  9 rats
77 creatures vanquished.

Notes
Turn   | Place    | Note
-------+----------+-------------------------------------------
     0 | D:1      | Gwenloh the Gnoll Warper began the quest for the Orb.
     0 | D:1      | Reached XP level 1. HP: 20/20 MP: 6/6
   159 | D:1      | Reached XP level 2. HP: 20/26 MP: 7/7
   231 | D:1      | Learned a level 2 spell: Blink
   234 | D:1      | Learned a level 2 spell: Shroud of Golubria
   774 | D:1      | Reached XP level 3. HP: 31/31 MP: 9/9
   779 | D:1      | Learned a level 3 spell: Gell's Gravitas
   919 | D:2      | Reached skill level 5 in Spellcasting
  1175 | D:2      | Reached skill level 1 in Invocations
  1445 | D:2      | Reached skill level 1 in Short Blades
  1445 | D:2      | Reached skill level 1 in Long Blades
  1445 | D:2      | Reached skill level 1 in Axes
  1445 | D:2      | Reached skill level 1 in Polearms
  1445 | D:2      | Reached skill level 1 in Staves
  1445 | D:2      | Reached skill level 1 in Slings
  1445 | D:2      | Reached skill level 1 in Bows
  1445 | D:2      | Reached skill level 1 in Crossbows
  1445 | D:2      | Reached skill level 1 in Stealth
  1445 | D:2      | Reached skill level 1 in Shields
  1445 | D:2      | Reached skill level 1 in Unarmed Combat
  1445 | D:2      | Reached skill level 1 in Evocations
  1566 | D:2      | Reached XP level 4. HP: 38/38 MP: 8/11
  1577 | D:2      | Learned a level 4 spell: Passage of Golubria
  2211 | D:3      | Reached skill level 1 in Conjurations
  2211 | D:3      | Reached skill level 1 in Hexes
  2211 | D:3      | Reached skill level 1 in Charms
  2211 | D:3      | Reached skill level 1 in Summonings
  2211 | D:3      | Reached skill level 1 in Necromancy
  2211 | D:3      | Reached skill level 1 in Transmutations
  2211 | D:3      | Reached skill level 1 in Fire Magic
  2211 | D:3      | Reached skill level 1 in Ice Magic
  2211 | D:3      | Reached skill level 1 in Air Magic
  2211 | D:3      | Reached skill level 1 in Earth Magic
  2211 | D:3      | Reached skill level 1 in Poison Magic
  2545 | D:3      | Reached XP level 5. HP: 40/43 MP: 12/12
  2631 | D:3      | Noticed Ijyb
  2645 | D:3      | Killed Ijyb
  2896 | D:3      | Found a shattered altar of Ashenzari.
  3269 | D:3      | Became a worshipper of Ashenzari the Shackled
  3312 | D:4      | Found Gienniekag's Gadget Shop.
  3334 | D:4      | Reached XP level 6. HP: 41/50 MP: 11/13
  3645 | D:3      | Succumbed to an orc wizard's poison

Illustrated notes

Levels and vault maps discovered:
D:1:      mrwooster_arrival_arrow, layout_loops_ring
D:2:      layout_basic, roderic_lattice_a, minmay_octomino_j4
D:3:      layout_rooms, nicolae_overflow_crystal_walls,
          cheibrodos_sewer_entry_bend, uniq_ijyb
D:4:      layout_basic, kennysheep_mini, tso_oasis_becter, serial_shops,
          kennysheep_mini_moat, first_ration

Skill      XL: |  1  2  3  4  5  6 |
---------------+-------------------+-----
Spellcasting   | 5 |  5.3
Invocations    | 1 2 |  2.0
Short Blades   | 1 |  1.8
Long Blades    | 1 |  1.8
Axes           | 1 |  1.8
Polearms       | 1 |  1.8
Staves         | 1 |  1.8
Slings         | 1 |  1.8
Bows           | 1 |  1.8
Crossbows      | 1 |  1.8
Stealth        | 1 |  1.8
Shields        | 1 |  1.8
Unarmed Combat | 1 |  1.8
Evocations     | 1 |  1.8
Conjurations   | 1 |  1.4
Hexes          | 1 |  1.4
Charms         | 1 |  1.4
Summonings     | 1 |  1.4
Necromancy     | 1 |  1.4
Transmutations | 1 |  1.4
Fire Magic     | 1 |  1.4
Ice Magic      | 1 |  1.4
Air Magic      | 1 |  1.4
Earth Magic    | 1 |  1.4
Poison Magic   | 1 |  1.4
Throwing       | 3 |  3.1
Armour         | 3 |  3.1
Fighting       | |  4.9
Maces & Flails | |  4.9
Dodging        | |  4.9
Translocations | |  5.6

Action                   |  1- 3 |  4- 6 || total
-------------------------+-------+-------++-------
Melee: Mace              |    91 |   102 ||   193
       Bite              |     7 |    11 ||    18
Throw: Stone             |    69 |     9 ||    78
       Boomerang         |     1 |    62 ||    63
 Cast: Shroud of Golubri |     9 |    13 ||    22
       Gell's Gravitas   |       |     1 ||     1
  Use: Scroll            |       |     7 ||     7
 Stab: Sleeping          |     1 |       ||     1
  Eat: Chunk             |     2 |     7 ||     9
Armor: Leather armour    |    18 |    12 ||    30
Dodge: Dodged            |    72 |    90 ||   162
       Repelled          |     4 |     3 ||     7

Table legend:
 A = Non-vault XP
 B = Vault XP
 C = Vault XP percentage of total XP
 D = Non-vault monster count
 E = Vault monster count
 F = Vault count percentage of total count
                 A         B        C        D         E       F
            +---------+---------+-------+---------+---------+-------
      Total |     306 |      51 |  14.3 |      71 |       6 |   7.8
            +---------+---------+-------+---------+---------+-------
        D:1 |      36 |       0 |   0.0 |      21 |       0 |   0.0
        D:2 |      53 |       5 |   8.6 |      23 |       3 |  11.5
        D:3 |     173 |      46 |  21.0 |      22 |       3 |  12.0
        D:4 |      44 |       0 |   0.0 |       5 |       0 |   0.0
            +---------+---------+-------+---------+---------+-------
